AoeStats
← Bananaman651

Nomad

510410306Analyzed
4v4 RM · 2d ago on Sep 30, 2026· 53m 5s· 8 players
Game mode
Random Map
Map size
231×231
Population
200
Speed
Normal
Resources
Standard
Victory
Conquest
Starting age
Dark Age
Ending age
Imperial Age
RankedLock teamsTeams togetherTeam positionsShared explorationLock speedFull tech treeHidden civsTurbo modeCheats
Victory
Defeat
🇨🇱 Celts · Chile
1533
+10
🇭🇰 Burmese · Hong Kong SAR China
1445
+13
🇨🇿 Koreans · Czechia
1422
+14
🇳🇵 Persians · Nepal
1392
+15
🇭🇺 Cumans · Hungary
1537
-20
🇺🇸 Dravidians · United States
1338
-11
🇦🇹 Burgundians · Austria
1331
-11
🇹🇷 Bengalis · Türkiye
1308
-10
krishbinp
8:56 Loom
13:55 Feudal Age
17:38 Castle Age
17:33 Double-Bit Axe
18:31 Medium Warships
23:23 Bow Saw
24:55 Horse Collar
27:47 Heavy Plow
32:03 Fletching
32:14 Padded Archer Armor
32:50 Bodkin Arrow
35:16 Scale Barding Armor
36:07 Wheelbarrow
36:08 Bloodlines
37:39 Husbandry
41:04 Imperial Age
39:14 Chain Barding Armor
39:14 Forging
40:00 Gold Mining
40:00 Stone Mining
40:43 Cavalier
42:09 Plate Barding Armor
42:12 Iron Casting
43:09 Savar
46:30 Conscription
46:47 Hoardings
46:24 Citadels
51:13 Blast Furnace
50:16 Padded Archer Armor
50:16 Scale Mail Armor
51:48 Chemistry
51:09 Ballistics
50:45 Murder Holes
大庆Song
3:30 Loom
14:12 Feudal Age
18:07 Castle Age
16:13 Stone Mining
16:14 Gold Mining
18:08 Horse Collar
28:33 Padded Archer Armor
31:16 Wheelbarrow
31:21 Padded Archer Armor
32:42 Fletching
35:43 Bodkin Arrow
37:25 Bloodlines
37:15 Husbandry
38:45 Town Watch
39:30 Heavy Plow
45:04 Imperial Age
42:54 Hand Cart
45:33 Elite Arambai
46:35 Conscription
46:17 Bracer
46:39 Ballistics
47:17 Coinage
46:19 Light Cavalry
48:46 Chemistry
47:46 Capped Ram
50:15 Scale Barding Armor
51:56 Chain Barding Armor
51:47 Forging
53:30 Plate Barding Armor
Bananaman651
6:52 Loom
15:04 Feudal Age
18:49 Castle Age
17:04 Double-Bit Axe
17:10 Stone Mining
17:54 Town Watch
18:38 Fletching
19:46 Bow Saw
21:10 Gold Mining
22:11 Wheelbarrow
28:59 Ballistics
35:00 Bodkin Arrow
42:34 Imperial Age
49:47 Hand Cart
51:24 Chemistry
52:21 Stone Shaft Mining
52:36 Gold Shaft Mining
52:18 Masonry
51:48 Treadmill Crane
53:02 Bracer
NPG | El Compadre
10:24 Loom
12:27 Feudal Age
13:08 Double-Bit Axe
13:33 Man-at-Arms
15:19 Horse Collar
15:54 Scale Mail Armor
16:05 Forging
15:43 Arson
16:06 Fishing Lines
16:18 Town Watch
22:34 Castle Age
22:21 Gold Mining
22:22 Stone Mining
22:40 Pikeman
23:39 Chain Mail Armor
24:00 Iron Casting
22:52 Long Swordsman
23:21 Gambesons
23:05 Long Swordsman
24:20 Bow Saw
27:08 Wheelbarrow
27:29 Gold Shaft Mining
30:03 Fletching
30:13 Pikeman
31:56 Bodkin Arrow
49:13 Imperial Age
48:21 Hand Cart
48:51 Scale Barding Armor
48:47 Padded Archer Armor
49:25 Stronghold
49:19 Halberdier
51:15 Plate Mail Armor
51:49 Blast Furnace
50:16 Capped Ram
52:01 Furor Celtica
52:19 Siege Ram
DraveczB
4:55 Loom
13:31 Feudal Age
16:44 Double-Bit Axe
16:44 Horse Collar
21:16 Castle Age
21:17 Forging
23:25 Wheelbarrow
24:23 Scale Barding Armor
26:24 Bloodlines
27:51 Iron Casting
27:37 Gold Mining
27:39 Stone Mining
29:50 Chain Barding Armor
30:39 Gold Shaft Mining
30:19 Hand Cart
29:50 Town Watch
44:28 Imperial Age
44:33 Cavalier
48:13 Pikeman
Yellowping
4:30 Loom
12:30 Feudal Age
16:24 Castle Age
14:39 Stone Mining
25:48 Horse Collar
25:54 Double-Bit Axe
26:22 Fletching
30:11 Wheelbarrow
34:44 Imperial Age
33:14 Bodkin Arrow
34:04 Padded Archer Armor
34:32 Heavy Plow
42:44 Gold Mining
43:07 Bow Saw
da.mighty.sloth
11:32 Loom
13:40 Feudal Age
17:31 Castle Age
15:45 Double-Bit Axe
16:52 Bow Saw
16:59 Stone Mining
20:01 Two-Man Saw
19:23 Horse Collar
26:59 Scale Barding Armor
30:05 Chain Barding Armor
32:11 Wheelbarrow
32:04 Husbandry
36:01 Forging
36:13 Hand Cart
42:30 Imperial Age
40:06 Fletching
41:57 Bodkin Arrow
BiGy
5:01 Loom
12:36 Feudal Age
13:13 Double-Bit Axe
13:23 Gold Mining
13:17 Fishing Lines
20:44 Castle Age
19:37 Fletching
19:54 Stone Mining
21:36 Bow Saw
21:44 Bodkin Arrow
25:16 Horse Collar
31:20 Imperial Age
30:53 Padded Archer Armor
31:37 Wheelbarrow
30:53 Town Watch
33:29 Chemistry
32:50 Ballistics
33:50 Two-Man Saw
34:49 Conscription
34:47 Leather Archer Armor
36:38 Bracer
39:11 Ring Archer Armor
38:56 Thumb Ring
39:55 Medical Corps
42:25 Heavy Plow
42:04 Elite Skirmisher
43:25 Hoardings
43:16 Elite Elephant Archer
46:17 Husbandry
46:38 Murder Holes
46:29 Arrowslits
46:55 Masonry
48:50 Forging
48:41 Scale Mail Armor
Connection lost

Rejoining the realm…

Still unreachable

The connection could not be restored.

Session expired

The server has moved on; the page needs a fresh start.